 Dungeon Crawl Stone Soup version 0.27-a0-1280-g9d2d252d84 (webtiles) character file.

Game seed: 9860283202152653108

63 Johnny the Digger (level 3, -1/31 HPs)
             Began as a Deep Elf Earth Elementalist on June 13, 2021.
             Slain by an adder (4 damage)
             ... on level 2 of the Dungeon.
             The game lasted 00:01:23 (2145 turns).

Johnny the Digger (Deep Elf Earth Elementalist)     Turns: 2145, Time: 00:01:24

Health: -1/31      AC:  2    Str:  5    XL:     3   Next: 89%
Magic:  4/10       EV: 12    Int: 20    God:
Gold:   87         SH:  0    Dex: 15    Spells: 5/9 levels left

rFire    . . .     SeeInvis .   e - +0 trident
rCold    . . .     Faith    .   (no shield)
rNeg     . . .     Spirit   .   c - +0 robe
rPois    .         Reflect  .   (no helmet)
rElec    .         Harm     .   (no cloak)
rCorr    .         Rampage  .   (no gloves)
Will     .....                  (no boots)
Stlth    ..........             (no amulet)
HPRegen  0.10/turn              (no ring)
MPRegen  0.12/turn              (no ring)

@: berserking (expiring), very quick
A: no striking features
a: no special abilities


You were on level 2 of the Dungeon.
You visited 1 branch of the dungeon, and saw 2 of its levels.

You collected 87 gold pieces.

Inventory:

Hand Weapons
 e - a +0 trident (weapon)
Armour
 c - a +0 robe (worn)
Scrolls
 d - 2 scrolls of identify {unknown}
 h - a scroll of amnesia {unknown}
 i - 2 scrolls of noise {unknown}
 j - a scroll of vulnerability {unknown}
Potions
 a - 2 potions of heal wounds {unknown}
 g - a potion of might {unknown}


   Skills:
 * Level 2.0 Fighting
 - Level 2.4 Dodging
 - Level 2.4 Stealth
 + Level 3.8 Spellcasting
 - Level 1.1 Transmutations
 + Level 3.9 Earth Magic


You had 5 spell levels left.
You knew the following spells:

 Your Spells              Type           Power      Damage    Failure   Level
a - Sandblast             Erth           38%        2d10      2%          1
b - Stone Arrow           Conj/Erth      22%        3d8       17%         3

Your spell library contained the following spells:

 Spells                   Type           Power      Damage    Failure   Level
 Passwall                 Tmut/Erth      10%        N/A       7%          2
 Magic Dart               Conj           12%        1d3       13%         1
 Searing Ray              Conj           6%         3d3       21%         2
 Dazzling Flash           Conj/Hex       6%         N/A       36%         3
 Petrify                  Tmut/Erth      13%        N/A       43%         4
 Lee's Rapid Deconstruct  Erth           9%         3d8*      58%         5
 Fulminant Prism          Conj/Hex       1%         3d6       78%         4
 Iskenderun's Mystic Bla  Conj/Tloc      3%         2d3       78%         4


Dungeon Overview and Level Annotations

Branches:
Dungeon (2/15)

Altars:


Message History

The adder bites you. The hobgoblin misses you.
Your magical contamination has completely faded away.
The adder bites you but does no damage.
Casting: Stone Arrow (extremely dangerous; 19% risk of failure)
Confirm with . or Enter, or press ? or * to list all spells.
You don't have enough magic to cast this spell.
Unknown command.
It was a potion of berserk rage.
A red film seems to cover your vision as you go berserk!
You feel yourself moving faster!
You feel mighty! The adder barely misses you. The adder misses you.
You puncture the adder!
The adder is heavily wounded.
The adder bites you.
You closely miss the adder.
The adder is heavily wounded.
The adder bites you.
You barely miss the adder.
The adder is heavily wounded.
The adder bites you.
* * * LOW HITPOINT WARNING * * *
You hit the adder.
You kill the adder!
You puncture the hobgoblin!
You kill the hobgoblin!
Your Fighting skill increases to level 2!
The rat closely misses you.
Things that are here:
a hobgoblin corpse; an adder corpse You closely miss the rat.
The rat bites you but does no damage.
You barely miss the rat. The rat barely misses you.
You puncture the rat!
You kill the rat!
The adder bites you.
* * * LOW HITPOINT WARNING * * *
You barely miss the adder. The adder bites you.
* * * LOW HITPOINT WARNING * * *
You barely miss the adder. The adder bites you.
You die...

###### #########.....# ...#
#.............. .....
#....<....###.# ....#
#.......### #.# ######....#
#.......#####.# #.........#
#.......##.##.# #.........#####
#.......##....###.....##.......
#>.............@S......'.......
##.######...######.....##.......
...†.####'#### #.†...# ......^
...#.#.......# #.....# .?....$
...#.#.......# #.....# .......
...#...).....# #.....# .......
...###.......# ####### .......
...# #.......# ....... ...#
#.......#


You could see an adder.

Vanquished Creatures
  2 adders (D:2)
  A worm (D:2)
  3 dart slugs (D:1)
  A ball python (D:1)
  4 endoplasms
  2 giant cockroaches
  A goblin (D:1)
  4 hobgoblins
  5 jackals (D:1)
  A quokka (D:1)
  2 bats (D:2)
  4 frilled lizards
  2 kobolds
  A rat (D:2)
33 creatures vanquished.

Notes
Turn   | Place    | Note
-------+----------+-------------------------------------------
     0 | D:1      | Johnny the Deep Elf Earth Elementalist began the quest for
                  | the Orb.
     0 | D:1      | Reached XP level 1. HP: 10/10 MP: 6/6
   130 | D:1      | Reached XP level 2. HP: 6/16 MP: 0/8
   404 | D:1      | Reached skill level 1 in Fighting
  1606 | D:1      | Reached XP level 3. HP: 13/20 MP: 10/10
  1987 | D:2      | Learned a level 3 spell: Stone Arrow
  2145 | D:2      | Slain by an adder

Illustrated notes

Levels and vault maps discovered:
D:1:      dpeg_arrival_ternary, layout_basic, dk_noncrumbling_2
D:2:      layout_basic, hellmonk_ecumenical_altar_crossroads

Skill      XL: |  1  2  3 |
---------------+----------+-----
Fighting       | 1 2 |  2.0
Dodging        | |  2.4
Stealth        | |  2.4
Spellcasting   | |  3.8
Transmutations | |  1.1
Earth Magic    | |  3.9

Action                   || total
-------------------------++-------
Melee: Unarmed           ||     4
       Trident           ||    55
 Cast: Sandblast         ||    30
       Stone Arrow       ||     4
  Use: Potion            ||     1
 Stab: Sleeping          ||     4
Armor: Robe              ||    14
Dodge: Dodged            ||    65

Table legend: (Time is in decaauts)
 A = Elapsed time spent in this place.
 B = Non-inter-level travel time spent in this place.
 C = Inter-level travel time spent in this place.
 D = Time resting spent in this place.
 E = Time spent auto-exploring this place.
 F = Levels seen in this place.
 G = Mean time per level.
                   A        B        C        D        E       F      G
               +--------+--------+--------+--------+--------+-----+--------+
         Total |   2156 |   2126 |     30 |    417 |   1484 |   2 | 1078.0 |
       Dungeon |   2156 |   2126 |     30 |    417 |   1484 |   2 | 1078.0 |
               +--------+--------+--------+--------+--------+-----+--------+

Top non-repeatable levels by time:
     D:1: 1889 daAuts
     D:2: 266 daAuts
